 Dungeon Crawl Stone Soup version 0.29-a0-222-g5b244fca1f (webtiles) character file.

Game seed: 9356693276178743407

21 mcwallace the Caller (level 2, 0/16 HPs)
             Began as a Tengu Summoner on Feb 27, 2022.
             Slain by a kobold
             ... wielding a +0 war axe of electrocution
              (11 damage)
             ... on level 1 of the Dungeon.
             The game lasted 00:02:30 (870 turns).

mcwallace the Caller (Tengu Summoner)                Turns: 870, Time: 00:02:31

Health: 0/16       AC:  2    Str:  8    XL:     2   Next: 83%
Magic:  2/6        EV: 12    Int: 15    God:
Gold:   33         SH:  0    Dex: 14    Spells: 4/5 levels left

rFire   . . .      SeeInvis .   m - +0 long sword {long}
rCold   . . .      Faith    .   (no shield)
rNeg    . . .      Spirit   .   a - +0 robe
rPois   .          Reflect  .   (helmet restricted)
rElec   .          Harm     .   (no cloak)
rCorr   .          Rampage  .   (no gloves)
Will    .....                   (boots unavailable)
Stlth   ++........              (no amulet)
HPRegen 0.05/turn               (no ring)
MPRegen 0.10/turn               (no ring)

@: no status effects
A: beak, talons 3
a: no special abilities


You were on level 1 of the Dungeon.
You visited 1 branch of the dungeon, and saw 1 of its levels.

You collected 33 gold pieces.


Innate Abilities, Weirdness & Mutations

You have a beak for a mouth.
You have claws for feet.


   Skills:
 + Level 1.0 Fighting
 + Level 2.5 Dodging
 - Level 2.0 Stealth
 + Level 2.3 Spellcasting
 + Level 5.0 Summonings


You had 4 spell levels left.
You knew the following spells:

 Your Spells              Type           Power      Damage    Failure   Level
a - Summon Small Mammal   Summ           64%        N/A       2%          1

Your spell library contained the following spells:

 Spells                   Type           Power      Damage    Failure   Level
 Call Imp                 Summ           16%        N/A       4%          2
 Call Canine Familiar     Summ           16%        N/A       9%          3
 Summon Guardian Golem    Hex/Summ       9%         N/A       22%         3
 Summon Lightning Spire   Summ/Air       9%         N/A       58%         4
 Freezing Cloud           Conj/Ice/Air   0%         6-21      99%         5
 Simulacrum               Ice/Necr       0%         N/A       100%        6
 Polar Vortex             Ice            0%         N/A       100%        9

Inventory:

Hand Weapons
 b - a +0 whip {mace}
   (You took it off a kobold on level 1 of the Dungeon)
 h - a +0 short sword {short}
   (You found it on level 1 of the Dungeon)
 m - a +0 long sword (weapon) {long}
   (You found it on level 1 of the Dungeon)
Missiles
 d - 25 stones {throwing}
 i - 3 poisoned darts {throwing}
 l - 5 boomerangs {throwing}
Armour
 a - a +0 robe (worn)
 o - a +0 chain mail
   (You found it on level 1 of the Dungeon)
Scrolls
 c - a scroll of fog {unknown}
 f - a scroll of identify {unknown}
 j - a scroll of teleportation {unknown}
 k - a scroll of enchant armour {unknown}
 n - a scroll of fear {unknown}
 p - a scroll of blinking {unknown}
Potions
 e - a potion of cancellation {unknown}
 g - a potion of heal wounds {unknown}

Dungeon Overview and Level Annotations

Branches:
Dungeon (1/15)

Altars:

........#....................#
.............................#
.............................#
................###...>......#
........#.......# ##.........#
................# #.........#
............########.........#
...............r.#...........#
#########......K@#...........#
#....ยง.r.#...........#
#.)......#...........#
#........#...........#
#....................#
......................#
......................#
........##............#
.........# ............#


You could see a kobold (ally target), a friendly quokka (summoned) and a
friendly rat (summoned).


Message History

You see here a +0 chain mail. ๐Ÿ˜Ž MP[-1]
You lost 1 mp, and now have 5/6 mp.
The kobold shouts! ๐Ÿ˜Ž MP[-1]
You lost 1 mp, and now have 4/6 mp.
What are your orders? t - Shout!
Orders for allies: a - Attack new target. r - Retreat! s - Stop attacking. g - Guard the area. f - Follow me.
Anything else - Cancel.
Gang up on whom?
Press: ? - help, Dir - move target, f - kobold
Aim: a kobold, wielding a +0 short sword (ally target) Attack!
Your bat hits the kobold but does no damage.
The kobold completely misses your bat.
Your bat hits the kobold but does no damage.
Your bat barely misses the kobold.
The kobold hits you with a +0 short sword. ๐Ÿ˜ฎ HP[-4]
You take 4 damage, and now have 12/16 hp.
MASSIVE DAMAGE!! (PAUSE)
You barely miss the kobold. Your rat misses the kobold.
Your bat closely misses the kobold.
The kobold hits you with a +0 short sword.
* * * LOW HITPOINT WARNING * * *
Your rat bites the kobold. ๐Ÿ˜จ HP[-4]
You take 4 damage, and now have 8/16 hp.
MASSIVE DAMAGE!! (PAUSE)
Your bat closely misses the kobold.
The kobold misses your rat.
Your rat bites the kobold but does no damage.
Your bat closely misses the kobold.
Your bat hits the kobold but does no damage.
The kobold hits your rat but does no damage.
Your rat barely misses the kobold.
The kobold misses your rat.
Your rat bites the kobold.
You see here a +0 chain mail. ๐Ÿ˜จ MP[+1]
Your bat hits the kobold.
The kobold dies!
You swap places.
o - a +0 chain mail ๐Ÿ˜จ MP[+1]
Your mp is fully restored (6).
p - a scroll labelled UFURO EFOCE ๐Ÿ˜ฎ HP[+1]
Your bat disappears in a puff of smoke!
Your rat disappears in a puff of smoke!
A kobold comes into view.
It is wielding a +0 war axe of electrocution. ๐Ÿ˜ฎ HP[+2]
You regained 2 hp, and now have 11/16 hp.
A kobold is nearby!
You are too injured to fight recklessly!
You are too injured to fight recklessly!
Casting: Summon Small Mammal (safe; 2% risk of failure)
Confirm with . or Enter, or press ? or * to list all spells.
The kobold shouts! ๐Ÿ˜ฎ MP[-1]
You lost 1 mp, and now have 5/6 mp.
Casting: Summon Small Mammal (safe; 2% risk of failure)
Confirm with . or Enter, or press ? or * to list all spells.
๐Ÿ˜ฎ MP[-1]
You lost 1 mp, and now have 4/6 mp.
What are your orders? t - Shout!
Orders for allies: a - Attack new target. r - Retreat! s - Stop attacking. g - Guard the area. f - Follow me.
Anything else - Cancel.
Gang up on whom?
Press: ? - help, Dir - move target, f - kobold
Aim: a kobold, wielding a +0 war axe of electrocution (ally target) Attack!
The kobold closely misses your rat.
Your rat bites the kobold but does no damage.
Your rat bites the kobold.
The kobold misses your quokka. The kobold closely misses your rat.
Your quokka barely misses the kobold.
Your rat barely misses the kobold.
The kobold hits your quokka with a +0 war axe of electrocution!
Your quokka dies!
Your quokka's corpse disappears in a puff of smoke!
The kobold hits your rat with a +0 war axe of electrocution.
Your rat dies!
Your rat's corpse disappears in a puff of smoke!
You are too injured to fight recklessly!
Casting: Summon Small Mammal (safe; 2% risk of failure)
Confirm with . or Enter, or press ? or * to list all spells.
๐Ÿ˜ฎ MP[-1]
You lost 1 mp, and now have 3/6 mp.
Casting: Summon Small Mammal (safe; 2% risk of failure)
Confirm with . or Enter, or press ? or * to list all spells.
Your rat misses the kobold. ๐Ÿ˜ฎ MP[-1]
You lost 1 mp, and now have 2/6 mp.
The kobold hits you but does no damage.
You are electrocuted!
Ouch! That really hurt!
You die...

Skill      XL: |  1  2 |
---------------+-------+-----
Summonings     | 5 |  5.0
Fighting       | 1 |  1.0
Dodging        | |  2.5
Stealth        | |  2.0
Spellcasting   | |  2.3

Action                   || total
-------------------------++-------
Melee: Short sword       ||     4
       Long sword        ||     1
 Cast: Summon Small Mamm ||    23
Armor: Robe              ||     4
Dodge: Dodged            ||     4

Levels and vault maps discovered:
D:1:      tarquinn_simple_flora_water_d, layout_basic

Notes
Turn   | Place    | Note
-------+----------+-------------------------------------------
     0 | D:1      | mcwallace the Tengu Summoner began the quest for the Orb.
     0 | D:1      | Reached XP level 1. HP: 10/10 MP: 4/4
     0 | D:1      | magus.rc [v1.9.6]
    22 | D:1      | HP: 1/10 [kobold/+0 whip (4)]
   459 | D:1      | Reached XP level 2. HP: 16/16 MP: 3/6
   504 | D:1      | You pick up a book of Ice and begin reading...
   504 | D:1      | You add the spells Freezing Cloud, Simulacrum and Polar
                  | Vortex to your library.
   531 | D:1      | Reached skill level 5 in Summonings
   711 | D:1      | Reached skill level 1 in Fighting
   870 | D:1      | Slain by a kobold

Vanquished Creatures
  An endoplasm (D:1)
  A kobold (D:1)
  2 rats (D:1)
4 creatures vanquished.

Vanquished Creatures (collateral kills)
  A dart slug (D:1)
  A ball python (D:1)
  A bat (D:1)
  2 endoplasms (D:1)
  2 goblins (D:1)
  A hobgoblin (D:1)
  2 frilled lizards (D:1)
  2 kobolds (D:1)
  2 rats (D:1)
14 creatures vanquished.

Grand Total: 18 creatures vanquished

Table legend:
 A = Non-vault XP
 B = Vault XP
 C = Vault XP percentage of total XP
 D = Non-vault monster count
 E = Vault monster count
 F = Vault count percentage of total count
                 A         B        C        D         E       F
            +---------+---------+-------+---------+---------+-------
      Total |      30 |       0 |   0.0 |      18 |       0 |   0.0
            +---------+---------+-------+---------+---------+-------
        D:1 |      30 |       0 |   0.0 |      18 |       0 |   0.0
            +---------+---------+-------+---------+---------+-------

Illustrated notes

Table legend:
 A = Kills in this place as a percentage of kills in entire the game.
 B = Kills by you in this place as a percentage of kills by you in the entire game.
 C = Kills by friends in this place as a percentage of kills by friends in the entire game.
 D = Other kills in this place as a percentage of other kills in the entire game.
 E = Experience gained in this place as a percentage of experience gained in the entire game.
 F = Experience gained in this place divided by the number of levels of this place that you have seen.
                   A       B       C       D       E      F
               +-------+-------+-------+-------+-------+----------------------
         Total | 100.0 | 100.0 | 100.0 |   N/A | 100.0 |  30.0
       Dungeon | 100.0 | 100.0 | 100.0 |   N/A | 100.0 |  30.0
               +-------+-------+-------+-------+-------+----------------------

Table legend: (Time is in decaauts)
 A = Elapsed time spent in this place.
 B = Non-inter-level travel time spent in this place.
 C = Inter-level travel time spent in this place.
 D = Time resting spent in this place.
 E = Time spent auto-exploring this place.
 F = Levels seen in this place.
 G = Mean time per level.
                   A        B        C        D        E       F      G
               +--------+--------+--------+--------+--------+-----+--------+
         Total |    869 |    869 |      0 |      0 |    583 |   1 |  869.0 |
       Dungeon |    869 |    869 |      0 |      0 |    583 |   1 |  869.0 |
               +--------+--------+--------+--------+--------+-----+--------+

Top non-repeatable levels by time:
     D:1: 869 daAuts
